 Dungeon Crawl Stone Soup version 0.22-a0-136-g83a10e5 (webtiles) character file.

257 varam the Ruffian (level 5, -1/53 HPs)
             Began as a Troll Monk on Feb 3, 2018.
             Slain by Grinder (6 damage)
             ... on level 3 of the Dungeon.
             The game lasted 00:02:18 (1631 turns).

varam the Ruffian (Troll Monk)                      Turns: 1631, Time: 00:02:19

Health: -1/53      AC:  6    Str: 19    XL:     5   Next: 93%
Magic:  4/4        EV: 11    Int:  7    God:
Gold:   88         SH:  0    Dex: 12    Spells: 4/4 levels left

rFire    . . .     SeeInvis .     - Unarmed
rCold    . . .     Gourm    +   (no shield)
rNeg     . . .     Faith    .   a - +0 robe
rPois    .         Spirit   .   (helmet restricted)
rElec    .         Reflect  .   m - +0 cloak
rCorr    .         Harm     .   (gloves unavailable)
MR       .....                  (boots unavailable)
Stlth    ++........             (no amulet)
HPRegen  0.57/turn              (no ring)
MPRegen  0.09/turn              (no ring)

@: no status effects
A: large, unfitting armour, claws 3, fast metabolism 3, gourmand, regeneration
1, shaggy fur 1, tough skin 2
a: no special abilities


You were on level 3 of the Dungeon.
You were very full.

You visited 1 branch of the dungeon, and saw 3 of its levels.

You collected 88 gold pieces.

Inventory:

Armour
 a - a +0 robe (worn)
 e - a scarf of spirit shield
 m - a +0 cloak (worn)
Scrolls
 c - a scroll of noise {unknown}
 d - 4 scrolls of identify {unknown}
 f - a scroll of random uselessness {unknown}
Potions
 g - 2 potions of curing {unknown}
 h - a potion of cancellation {unknown}
 i - 2 potions of lignification {unknown}
 j - a potion of flight {unknown}
 l - a potion of resistance {unknown}
Comestibles
 b - 8 rations
 k - a chunk of flesh


   Skills:
 - Level 3.4 Fighting
 - Level 3.4 Dodging
 - Level 2.0 Stealth
 + Level 4.2 Unarmed Combat


You had 4 spell levels left.
You didn't know any spells.

Dungeon Overview and Level Annotations

Branches:
Dungeon (3/15)

Altars:

Annotations:
D:3 Grinder


Innate Abilities, Weirdness & Mutations

You are too large for most types of armour.
You have claws for hands.
Your metabolism is lightning-fast.
You like to eat raw meat.
Your natural rate of healing is unusually fast.
You are covered in fur. (AC +1)
You have very tough skin. (AC +2)


Message History

The rat bites you but does no damage.
You scratch the rat.
You kill the rat!
Grinder blinks!
You claw Grinder! Your claw misses Grinder.
Grinder is moderately wounded.
Grinder hits you.
You writhe in agony.
You scratch Grinder.
Grinder is moderately wounded.
Grinder hits you!
You writhe in agony.
You barely miss Grinder.
Grinder is moderately wounded.
Grinder hits you.
* * * LOW HITPOINT WARNING * * *
You writhe in agony.
* * * LOW HITPOINT WARNING * * *
You claw Grinder!
Grinder is heavily wounded.
Grinder hits you.
You die...

#...<# #....#
..........
##....# .........
#..#### .........
##.## ..........
#..# ##...... ..
#.## ###.........
..# ##...5.# ..
.## ###....@.# .#
.#
####.......##.#
.#
###....#####....#
.####.....##
#.)###
..........#
......
.#.....####
.........#
.#.###.#
#..........#
.......#
#..........#
...#####
#..........#


You could see Grinder.

Vanquished Creatures
  Sigmund (D:2)
  Crazy Yiuf (D:2)
  2 adders (D:2)
  2 oozes
  A worm (D:3)
  4 dart slugs (D:1)
  A leopard gecko (D:1)
  4 bats
  3 giant cockroaches (D:1)
  5 goblins
  4 hobgoblins
  2 quokkas (D:2)
  6 frilled lizards
  5 kobolds
  8 rats
49 creatures vanquished.

Notes
Turn   | Place    | Note
-------+----------+-------------------------------------------
     0 | D:1      | varam the Troll Monk began the quest for the Orb.
     0 | D:1      | Reached XP level 1. HP: 22/22 MP: 0/0
   114 | D:1      | Reached XP level 2. HP: 29/29 MP: 1/1
   376 | D:1      | Reached XP level 3. HP: 27/36 MP: 0/2
   893 | D:2      | Noticed Sigmund
   907 | D:2      | Killed Sigmund
   907 | D:2      | Reached skill level 3 in Fighting
   907 | D:2      | Reached skill level 3 in Dodging
   907 | D:2      | Reached skill level 4 in Unarmed Combat
   907 | D:2      | Reached XP level 4. HP: 42/45 MP: 1/3
   907 | D:2      | Reached XP level 5. HP: 50/53 MP: 1/4
  1179 | D:2      | Found a runed door.
  1265 | D:2      | Noticed Crazy Yiuf
  1276 | D:2      | Killed Crazy Yiuf
  1276 | D:2      | Reached skill level 2 in Stealth
  1602 | D:3      | Noticed Grinder
  1619 | D:3      | Paralysed by Grinder for 2 turns
  1630 | D:3      | HP: 5/53 [Grinder (5)]
  1631 | D:3      | Slain by Grinder

Vault maps used:
D:1:      tarquinn_simple_flora_water_f
D:2:      first_ration, uniq_sigmund, uniq_crazy_yiuf_cottage
D:3:      elyvilon_altar_3, uniq_robin, uniq_grinder

Skill      XL: |  1  2  3  4  5 |
---------------+----------------+-----
Fighting       | 3 |  3.4
Dodging        | 3 |  3.4
Unarmed Combat | 4 |  4.2
Stealth        | 2 |  2.0

Action                   |  1- 3 |  4- 6 || total
-------------------------+-------+-------++-------
Melee: Unarmed           |    98 |    59 ||   157
       Punch             |     1 |       ||     1
 Stab: Sleeping          |     5 |     1 ||     6
  Eat: Chunk             |    14 |     6 ||    20
Armor: Robe              |    31 |    18 ||    49
Dodge: Dodged            |    37 |    31 ||    68

Table legend:
 A = Spawn XP
 B = Non-spawn XP
 C = Spawn XP percentage of total XP
 D = Spawn monster count
 E = Non-spawn monster count
 F = Spawn count percentage of total count
 G = Total turns spent on level
                    A         B        C        D         E        F      G
               +---------+---------+-------+---------+---------+-------+---------
         Total |       0 |     368 |   0.0 |       0 |      49 |   0.0 |  1631
               +---------+---------+-------+---------+---------+-------+---------
           D:1 |       0 |      61 |   0.0 |       0 |      28 |   0.0 |   773
           D:2 |       0 |     297 |   0.0 |       0 |      17 |   0.0 |   794
           D:3 |       0 |      10 |   0.0 |       0 |       4 |   0.0 |    64
               +---------+---------+-------+---------+---------+-------+---------
